 Dungeon Crawl Stone Soup version 0.23.2-1-ga50397a6bc (webtiles) character file.

Game seed: 4767331144179396314

304 PentaManta the Ducker (level 6, -1/35 HPs)
             Began as a Kobold Hunter on May 31, 2019.
             Was an Initiate of Okawaru.
             Killed from afar by an orc wizard (4 damage)
             ... with a puff of frost
             ... on level 3 of the Dungeon.
             The game lasted 00:03:41 (1794 turns).

PentaManta the Ducker (Kobold Hunter)               Turns: 1794, Time: 00:03:41

Health: -1/35      AC:  4    Str: 10    XL:     6   Next: 66%
Magic:  6/6        EV: 18    Int: 12    God:    Okawaru [......]
Gold:   141        SH:  0    Dex: 17    Spells: 5/5 levels left

rFire    . . .     SeeInvis .   a - +1 hand crossbow
rCold    . . .     Gourm    .   (shield restricted)
rNeg     . . .     Faith    .   c - +0 leather armour
rPois    .         Spirit   .   q - +0 helmet
rElec    .         Reflect  .   (no cloak)
rCorr    .         Harm     .   (no gloves)
MR       .....                  (no boots)
Stlth    ++........             (no amulet)
HPRegen  0.11/turn              (no ring)
MPRegen  0.10/turn              (no ring)

@: no status effects
A: small, carnivore
a: Renounce Religion


You were on level 3 of the Dungeon.
You worshipped Okawaru.
Okawaru was noncommittal.
You were not hungry.

You visited 1 branch of the dungeon, and saw 3 of its levels.

You collected 141 gold pieces.

Inventory:

Hand Weapons
 a - a +1 hand crossbow (weapon)
 b - a +0 short sword
Missiles
 d - 32 bolts (quivered)
Armour
 c - a +0 leather armour (worn)
 q - a +0 helmet (worn)
Scrolls
 j - 2 scrolls of remove curse
 l - a scroll of enchant armour {unknown}
 m - a scroll of amnesia
 o - a scroll of blinking {unknown}
 r - a scroll of fog
 t - a scroll of enchant weapon {unknown}
Potions
 e - 2 potions of invisibility {unknown}
 g - a potion of might {unknown}
 h - a potion of lignification {unknown}
 i - a potion of heal wounds {unknown}
 n - a potion of haste {unknown}
 p - a potion of mutation {unknown}
 s - 2 potions of curing {unknown}
Comestibles
 f - 5 rations


   Skills:
 - Level 2.1 Fighting
 + Level 4.8 Short Blades
 - Level 4.8 Crossbows
 * Level 6.3 Dodging
 - Level 1.3 Stealth


You had 5 spell levels left.
You didn't know any spells.
Your spell library was empty.

Dungeon Overview and Level Annotations

Branches:
Dungeon (3/15)

Altars:
Dithmenos
Elyvilon
Fedhas
Kikubaaqudgha
Makhleb
Nemelex Xobeh
Okawaru
The Shining One

Annotations:
D:3 2 transporters


Innate Abilities, Weirdness & Mutations

You are small and have problems with some larger weapons.
You are carnivorous and can eat meat at any time.


Message History

Press: ? - help, Shift-Dir - straight line, f/p - orc wizard
Aim: an orc wizard, wielding a +0 dagger and wearing a +0 robe (almost dead, fast)
You shoot a bolt. The bolt closely misses the orc wizard.
The orc wizard gestures at you while chanting.
The puff of frost hits you!
* * * LOW HITPOINT WARNING * * *
The orc wizard begins to cast a cantrip, but forgets the words!
Firing (i - inventory)
d - 34 bolts (quivered)
Press: ? - help, Shift-Dir - straight line, f/p - orc wizard
Aim: an orc wizard, wielding a +0 dagger and wearing a +0 robe (almost dead, fast)
You shoot a bolt. The bolt barely misses the orc wizard.
The orc wizard misses you. The orc wizard completely misses you.
Firing (i - inventory)
d - 33 bolts (quivered)
Press: ? - help, Shift-Dir - straight line, f/p - orc wizard
Aim: an orc wizard, wielding a +0 dagger and wearing a +0 robe (almost dead, fast)
You shoot a bolt. The bolt hits the orc wizard.
The orc wizard is almost dead.
The orc wizard gestures at you while chanting.
The puff of frost hits you.
You die...

....... ......#
......# ......#
o..... ).K..
#.#####(#.#
#...@o)(.(#
#.#####.#.# #.#.#
#[#####.#.###.##
................
#.#####.#####.##
#.#.###.#####...
####.#.............
...[<..............


You could see an orc wizard.

Vanquished Creatures
  Sigmund (D:2)
  An orc priest (D:3)
  3 gnolls (D:3)
  2 adders (D:2)
  A worm (D:2)
  4 leopard geckos
  2 orcs (D:3)
  7 bats
  2 giant cockroaches
  9 goblins
  8 hobgoblins
  3 jackals (D:2)
  5 kobolds
  3 quokkas (D:2)
  2 frilled lizards (D:1)
  3 rats
56 creatures vanquished.

Vanquished Creatures (others)
  A plant (D:3)
1 creature vanquished.

Grand Total: 57 creatures vanquished

Notes
Turn   | Place    | Note
-------+----------+-------------------------------------------
     0 | D:1      | PentaManta the Kobold Hunter began the quest for the Orb.
     0 | D:1      | Reached XP level 1. HP: 12/12 MP: 1/1
    10 | D:1      | Reached skill level 1 in Short Blades
    57 | D:1      | Reached XP level 2. HP: 17/17 MP: 2/2
    93 | D:1      | Reached skill level 3 in Dodging
   219 | D:1      | Reached XP level 3. HP: 21/21 MP: 3/3
   851 | D:2      | Reached XP level 4. HP: 24/26 MP: 4/4
   959 | D:2      | Reached skill level 4 in Dodging
  1032 | D:2      | Noticed Sigmund
  1038 | D:2      | Killed Sigmund
  1038 | D:2      | Reached skill level 5 in Dodging
  1038 | D:2      | Reached XP level 5. HP: 30/30 MP: 5/5
  1038 | D:2      | Reached XP level 6. HP: 35/35 MP: 6/6
  1446 | D:3      | Found a transporter.
  1447 | D:3      | Found a transporter.
  1598 | D:3      | Reached skill level 6 in Dodging
  1717 | D:3      | Found an iron altar of Okawaru.
  1720 | D:3      | Found an ancient bone altar of Kikubaaqudgha.
  1720 | D:3      | Found a shadowy altar of Dithmenos.
  1720 | D:3      | Found a burning altar of Makhleb.
  1721 | D:3      | Found a sparkling altar of Nemelex Xobeh.
  1722 | D:3      | Found a blossoming altar of Fedhas.
  1723 | D:3      | Found a glowing golden altar of the Shining One.
  1723 | D:3      | Found a white marble altar of Elyvilon.
  1727 | D:3      | Became a worshipper of Warmaster Okawaru
  1794 | D:3      | Killed from afar by an orc wizard

Skill      XL: |  1  2  3  4  5  6 |
---------------+-------------------+-----
Short Blades   | 1 2 4 |  4.8
Dodging        | 3 5 6 |  6.3
Fighting       | |  2.1
Crossbows      | |  4.8
Stealth        | |  1.3

Action                   |  1- 3 |  4- 6 || total
-------------------------+-------+-------++-------
 Fire: Hand crossbow     |    76 |    60 ||   136
  Use: Scroll            |       |     5 ||     5
  Eat: Chunk             |       |     5 ||     5
Armor: Leather armour    |     3 |     4 ||     7
Dodge: Dodged            |    18 |    19 ||    37
